 Dungeon Crawl Stone Soup version 0.25.1-11-g244df3a29b (webtiles) character file.

Game seed: 5585233951376836128

31 oldriver the Sneak (level 3, 0/24 HPs)
             Began as a Halfling Assassin on Jan 3, 2023.
             Succumbed to an adder's poison
             ... on level 2 of the Dungeon.
             The game lasted 00:02:13 (1726 turns).

oldriver the Sneak (Halfling Assassin)              Turns: 1726, Time: 00:02:14

Health: 0/24       AC:  3    Str: 12 (13) XL:     3   Next: 40%
Magic:  3/3        EV: 14    Int:  7 (9)  God:
Gold:   101        SH:  0    Dex: 12 (15) Spells: 2/2 levels left

rFire    . . .     SeeInvis .   a - +2 dagger
rCold    . . .     Gourm    .   (shield restricted)
rNeg     . . .     Faith    .   b - +0 robe
rPois    .         Spirit   .   (no helmet)
rElec    .         Reflect  .   c - +0 cloak
rCorr    .         Harm     .   (no gloves)
MR       .....                  (no boots)
Stlth    +++.......             (no amulet)
HPRegen  0.08/turn              (no ring)
MPRegen  0.08/turn              (no ring)

@: lethally poisoned (0 -> -11), stab, flying, very slightly contaminated,
invisible
A: small, mutation resistance 1
a: no special abilities


You were on level 2 of the Dungeon.
You were not hungry.

You visited 1 branch of the dungeon, and saw 2 of its levels.

You collected 101 gold pieces.

Inventory:

Hand Weapons
 a - a +2 dagger (weapon)
Missiles
 d - 13 poisoned darts
 e - 2 curare-tipped darts
 g - 71 stones (quivered)
Armour
 b - a +0 robe (worn)
 c - a +0 cloak (worn)
Jewellery
 n - a +6 ring of strength {unknown}
 u - an uncursed ring of resist corrosion {unknown}
Scrolls
 h - a scroll of enchant weapon {unknown}
 j - a scroll of fear {unknown}
 p - 2 scrolls of teleportation {unknown}
 r - a scroll of random uselessness {unknown}
 s - 2 scrolls of enchant armour {unknown}
 t - a scroll of remove curse {unknown}
 v - 2 scrolls of identify {unknown}
Potions
 i - a potion of curing {unknown}
 m - a potion of invisibility
 q - a potion of magic {unknown}
Comestibles
 f - 4 rations
 w - 2 chunks of flesh


   Skills:
 + Level 1.9 Fighting
 * Level 3.0 Short Blades
 - Level 2.0 Throwing
 - Level 1.1 Dodging
 + Level 5.3 Stealth


You had 2 spell levels left.
You didn't know any spells.
Your spell library was empty.

Dungeon Overview and Level Annotations

Branches:
Dungeon (2/15)

Altars:
Trog


Innate Abilities, Weirdness & Mutations

You are small and have problems with some larger weapons.
You are somewhat resistant to further mutation.


Message History

It was a potion of invisibility.
You fade into invisibility!
* * * LOW HITPOINT WARNING * * *
You feel sick. The adder closely misses you. The adder bites you.
* * * LOW HITPOINT WARNING * * *
You are more poisoned.
The adder poisons you!
You are very lightly contaminated with residual magic.
It was a potion of flight.
You feel very buoyant.
You fly up into the air.
The adder closely misses you.
It was a potion of degeneration.
There was something very wrong with that liquid.
You feel weakened.
You feel dopey.
You feel clumsy.
* * * LOW HITPOINT WARNING * * *
You feel sick. The adder misses you.
Unknown command.
It was a potion of stabbing.
You feel ready to backstab.
You die...

#.##.##.####
#.##.##.# #
#.##.##.####
#...........
####........ ###
##### #..####.. #.
..# ...######
#.....#.. #< #.#
#####.##...#
##.##.... #.
####.##.##(.S@.....#
#.#####. #.##.......
#.##.##...# #.......
#.......#
....<###.## #.......
#.....รท.###.#.####
#.# #######.
#..#.#........# #.#
#. #....#........#
#.##### #.
#...##..###...####
#.....# #.
#.......###......#
#####.#######.
##.......#.......###
#.........


You could see an adder.

Vanquished Creatures
  A worm (D:2)
  A dart slug (D:1)
  A leopard gecko (D:1)
  2 giant cockroaches (D:2)
  4 goblins
  A hobgoblin (D:1)
  A quokka (D:2)
  4 bats
  A frilled lizard (D:2)
  3 kobolds
  9 rats
28 creatures vanquished.

Notes
Turn   | Place    | Note
-------+----------+-------------------------------------------
     0 | D:1      | oldriver the Halfling Assassin began the quest for the Orb.
     0 | D:1      | Reached XP level 1. HP: 14/14 MP: 1/1
   387 | D:1      | Reached XP level 2. HP: 14/19 MP: 2/2
   736 | D:1      | Reached skill level 5 in Stealth
  1250 | D:2      | Reached XP level 3. HP: 24/24 MP: 3/3
  1641 | D:2      | Found a bloodstained altar of Trog.
  1725 | D:2      | HP: 1/24 [poisoned by an adder]
  1726 | D:2      | Succumbed to an adder's poison

Illustrated notes

Levels and vault maps discovered:
D:1:      lemuel_arrival_cross, layout_basic, st_stairs_9
D:2:      layout_loops_cross, gammafunk_temple_overflow_elements,
          trog_three_pillars_becter

Skill      XL: |  1  2  3 |
---------------+----------+-----
Stealth        | 5 |  5.3
Short Blades   | 3 |  3.0
Fighting       | |  1.9
Throwing       | |  2.0
Dodging        | |  1.1

Action                   || total
-------------------------++-------
Melee: Dagger            ||    74
Throw: Stone             ||    51
       Dart              ||     5
  Use: Potion            ||     4
 Stab: Sleeping          ||     6
  Eat: Chunk             ||     2
Armor: Robe              ||     9
Dodge: Dodged            ||    40
